 Dungeon Crawl Stone Soup version 0.29.0-11-gd7f09526c8 (webtiles) character file.

Game seed: 15605295885134038259

9202 Armakuni the Cruncher (level 11, -20/81 HPs)
             Began as a Demigod Delver on Sept 2, 2022.
             Demolished by a boulder beetle (50 damage)
             ... on level 1 of the Lair of Beasts.
             The game lasted 00:22:40 (8438 turns).

Armakuni the Cruncher (Demigod Delver)              Turns: 8438, Time: 00:22:40

Health: -20/81     AC: 16    Str: 17    XL:     11   Next: 0%
Magic:  14/14      EV: 15    Int: 20    God:
Gold:   619        SH:  0    Dex: 15    Spells: 5/10 levels left

rFire   . . .      SeeInvis .   a - +6 quarterstaff (chaos)
rCold   . . .      Faith    .   (shield currently unavailable)
rNeg    . . .      Spirit   .   n - +0 acid dragon scales
rPois   .          Reflect  .   H - +0 helmet
rElec   .          Harm     .   s - +0 cloak
rCorr   +          Rampage  .   z - +0 pair of gloves
Will    +....                   x - +2 pair of boots
Stlth   ++........              R - amulet of regeneration
HPRegen 1.03/turn               A - +4 ring of protection
MPRegen 0.14/turn               E - +4 ring of evasion

@: no status effects
A: high MP 1, forlorn, divine attributes
a: no special abilities


You were on level 1 of the Lair of Beasts.
You visited 2 branches of the dungeon, and saw 11 of its levels.

You collected 619 gold pieces.

Inventory:

Hand Weapons
 a - a +6 quarterstaff of chaos (weapon)
 b - a +0 quarterstaff
Missiles
 i - 8 boomerangs (quivered)
 r - 2 javelins
Armour
 n - +0 acid dragon scales (worn)
 s - a +0 cloak (worn)
 t - a +0 buckler
 x - a +2 pair of boots (worn)
 z - a +0 pair of gloves (worn)
 H - a +0 helmet (worn)
Jewellery
 p - a ring of poison resistance
 A - a +4 ring of protection (left hand)
 E - a +4 ring of evasion (right hand)
 F - a ring of fire
 P - a ring of magical power
 R - an amulet of regeneration (around neck)
 W - the ring "Doeraulu" {Wiz rN+ Str+4}
   (You acquired it on level 3 of the Dungeon)

   [ring of wizardry]

   It improves your spell success rate.
   Str:       It affects your strength (+4).
   rN:        It protects you from negative energy.
Wands
 j - a wand of iceblast (3)
 k - a wand of digging (5)
 v - a wand of flame (23)
Scrolls
 c - a scroll of fog
 d - 3 scrolls of magic mapping
 e - a scroll of fear
 y - 2 scrolls of silence
 C - a scroll of noise
 D - 2 scrolls of teleportation
Potions
 f - 4 potions of haste
 g - 2 potions of curing
 h - 2 potions of cancellation
 l - 4 potions of lignification
 o - a potion of might
 q - a potion of flight
 B - a potion of mutation


   Skills:
 - Level 2.6 Fighting
 - Level 1.7(9.2) Maces & Flails
 - Level 13.9(14.0) Staves
 - Level 1.7 Dodging
 - Level 4.5 Stealth
 + Level 4.2 Conjurations
 + Level 4.3 Ice Magic
 + Level 4.2 Air Magic


You had 5 spell levels left.
You knew the following spells:

 Your Spells              Type           Power      Damage    Failure   Level
j - Freezing Cloud        Conj/Ice/Air   8%         6-21      77%         5

Your spell library contained the following spells:

 Spells                   Type           Power      Damage    Failure   Level
 Magic Dart               Conj           68%        1d6       4%          1
 Foxfire                  Conj/Fire      32%        2x1d5     11%         1
 Mephitic Cloud           Conj/Pois/Air  11%        N/A       24%         3
 Conjure Flame            Conj/Fire      8%         6-21      32%         3
 Call Imp                 Summ           0%         N/A       36%         2
 Inner Flame              Hex/Fire       0%         N/A       61%         3
 Flame Wave               Conj/Fire      8%         2d5       73%         4
 Leda's Liquefaction      Hex/Erth       0%         N/A       95%         4
 Lee's Rapid Deconstruct  Erth           0%         3d5*      100%        5
 Simulacrum               Ice/Necr       4%         N/A       100%        6
 Statue Form              Tmut/Erth      0%         N/A       100%        6
 Polar Vortex             Ice            8%         N/A       100%        9


Dungeon Overview and Level Annotations

Branches:
Dungeon (10/15)            Temple (0/1) D:7            Lair (1/5) D:8
    Orc: D:9-12

Shops:
D:1 :   D:9 *

Annotations:
D:8 2 transporters


Innate Abilities, Weirdness & Mutations

You have an increased reservoir of magic. (+10% MP)
You shall have no god before yourself.
Your divine heritage dramatically boosts your attributes as you level up.


Message History

The boulder beetle curls into a ball and begins rolling!
You hit the boulder beetle but do no damage.
The boulder beetle is poisoned.
The boulder beetle is lightly wounded.
The boulder beetle hits you!!!
Ouch! That really hurt!
The boulder beetle stops rolling and uncurls.
You feel much better.
The boulder beetle leaps!
You start resting.
A boulder beetle is nearby!
The boulder beetle closely misses you.
You hit the boulder beetle but do no damage.
The boulder beetle is moderately wounded.
The boulder beetle leaps!
The boulder beetle curls into a ball and begins rolling!
The boulder beetle hits you.
The boulder beetle stops rolling and uncurls.
The water moccasin hisses angrily.
You hit the boulder beetle but do no damage.
The boulder beetle flickers and vanishes!
Deactivating autopickup; reactivate with Ctrl-A.
You hit something but do no damage. Something bites you but does no damage.
Something bites you but does no damage. The water moccasin closely misses you.
The water moccasin attacks as you move away!
The water moccasin misses you. Something barely misses you.
Found 8 gold pieces.
You bludgeon the water moccasin!! You burn the water moccasin!
You kill the water moccasin!
You have reached level 11!
You see here a water moccasin corpse.
You feel a little less mighty now.
You see here a water moccasin corpse.
You thump something!
You see here a water moccasin corpse.
Something hits you!!!
Ouch! That really hurt!
You see here a water moccasin corpse.
Something hits you!!!
Ouch! That really hurt!
You die...

#>§≈§≈≈§ ####.§§§..
.#############.#.#...# #
.....................# #
....................####
#
..B....................#
#
#.....○......#...#..###
#.###.##.....#P.###..##
##.@#....###........
#..#.....P##........
#..##....###........
##.##.....##..##..##
#(##....###.###.###
#.##....# #. #.# #.P
....# . #.. ..##....# ..
#.# ...$.


There were no monsters in sight!

Vanquished Creatures
  2 black mambas (Lair:1)
  Maggie (D:9)
  A rime drake (Lair:1)
  A cane toad (Lair:1)
  2 hornets
  Sigmund (D:2)
  7 yaks
  A wyvern (D:8)
  A yak (shapeshifter) (D:4)
  6 fire bats (Lair:1)
  Edmund (D:6)
  An acid dragon (D:10)
  2 water moccasins (Lair:1)
  3 black bears
  2 ogres
  2 sky beasts (D:7)
  A phantom (D:4)
  A kobold brigand (D:6)
  2 bullfrogs (Lair:1)
  A gnoll sergeant (D:6)
  2 scorpions
  24 wights
  17 killer bees
  3 hounds
  4 jellies
  8 orc priests
  Crazy Yiuf (D:2)
  Jessica (D:3)
  13 orc wizards
  Ijyb (D:3)
  An iguana (D:6)
  Natasha (thrice) (D:2)
  10 gnolls
  11 adders
  A shadow imp (D:5)
  3 white imps
  4 worms
  5 dart slugs
  34 orcs
  3 endoplasms
  2 giant cockroaches
  8 goblins
  7 hobgoblins
  6 jackals
  11 kobolds
  A quokka (D:2)
  5 ball pythons
  8 bats
  4 frilled lizards
  6 rats
246 creatures vanquished.

Vanquished Creatures (others)
  An orc wizard (D:3)
  2 fungi (Lair:1)
  A plant (Lair:1)
4 creatures vanquished.

Grand Total: 250 creatures vanquished

Notes
Turn   | Place    | Note
-------+----------+-------------------------------------------
     0 | D:5      | Armakuni the Demigod Delver began the quest for the Orb.
     0 | D:5      | Reached XP level 1. HP: 18/18 MP: 3/3
     5 | D:6      | Noticed Edmund
    20 | D:5      | Noticed a jelly
   419 | D:4      | Reached skill level 1 in Staves
   419 | D:4      | Reached XP level 2. HP: 18/25 MP: 4/4
   477 | D:4      | Reached skill level 2 in Staves
   537 | D:4      | Reached XP level 3. HP: 30/30 MP: 5/5
   555 | D:3      | Noticed Jessica
   576 | D:3      | Killed Jessica
   577 | D:3      | Reached skill level 3 in Staves
   721 | D:2      | Reached XP level 4. HP: 28/37 MP: 6/6
   963 | D:1      | Found Pahuf's Book Boutique.
  1076 | D:1      | Reached skill level 4 in Staves
  1647 | D:2      | Noticed Sigmund
  1658 | D:2      | Killed Sigmund
  1659 | D:2      | Reached skill level 5 in Staves
  1659 | D:2      | Reached XP level 5. HP: 42/42 MP: 7/7
  1789 | D:2      | Noticed Natasha
  1794 | D:2      | Killed Natasha
  1795 | D:2      | Reached XP level 6. HP: 50/50 MP: 8/8
  1925 | D:2      | Noticed Natasha
  1938 | D:2      | Killed Natasha
  1953 | D:2      | Noticed Natasha
  1962 | D:2      | Killed Natasha
  1963 | D:2      | Reached skill level 6 in Staves
  2038 | D:2      | Found a runed translucent door.
  2039 | D:2      | Noticed Crazy Yiuf
  2183 | D:2      | Killed Crazy Yiuf
  2676 | D:3      | Identified a scroll of acquirement
  2676 | D:3      | Acquired the ring "Doeraulu" {Wiz rN+ Str+4}
  3065 | D:3      | Noticed Ijyb
  3072 | D:3      | Killed Ijyb
  3073 | D:3      | Reached skill level 7 in Staves
  3086 | D:3      | Reached XP level 7. HP: 56/56 MP: 9/9
  3502 | D:4      | Noticed a shapeshifter
  3502 | D:4      | a goblin changed into a shapeshifter
  3502 | D:4      | Noticed a yak
  3502 | D:4      | a shapeshifter changed into a yak
  3507 | D:4      | Killed a yak
  3508 | D:4      | Reached skill level 8 in Staves
  3810 | D:5      | Reached skill level 9 in Staves
  3810 | D:5      | Reached XP level 8. HP: 56/62 MP: 10/10
  4813 | D:6      | Killed Edmund
  4814 | D:6      | Reached skill level 10 in Staves
  5140 | D:7      | Reached skill level 11 in Staves
  5245 | D:7      | Reached XP level 9. HP: 68/68 MP: 11/11
  5397 | D:7      | Found a staircase to the Ecumenical Temple.
  6070 | D:7      | Reached skill level 12 in Staves
  6332 | D:8      | Noticed an eight-headed hydra
  6333 | D:8      | Found a transporter.
  6334 | D:8      | Noticed a tengu warrior
  6335 | D:8      | Noticed a tengu conjurer
  6342 | D:8      | Found a transporter.
  6393 | D:8      | Reached skill level 13 in Staves
  6747 | D:8      | Found a staircase to the Lair.
  6942 | D:8      | Reached XP level 10. HP: 72/73 MP: 13/13
  6951 | D:8      | Learned a level 5 spell: Freezing Cloud
  7223 | D:9      | Reached skill level 1 in Conjurations
  7223 | D:9      | Reached skill level 1 in Ice Magic
  7223 | D:9      | Reached skill level 1 in Air Magic
  7407 | D:9      | Noticed Maggie
  7427 | D:9      | Killed Maggie
  7503 | D:9      | Found Awuovomy's Island Escapes.
  7855 | D:10     | Entered Level 10 of the Dungeon
  7879 | D:10     | Noticed a tengu warrior
  7880 | D:10     | Noticed a tengu warrior
  7973 | Lair:1   | Entered Level 1 of the Lair of Beasts
  7973 | Lair:1   | Noticed a black mamba
  7977 | Lair:1   | Killed a black mamba
  8041 | Lair:1   | Noticed a glowing shapeshifter
  8041 | Lair:1   | a komodo dragon changed into a glowing shapeshifter
  8042 | Lair:1   | Noticed an anaconda
  8042 | Lair:1   | a glowing shapeshifter changed into an anaconda
  8049 | Lair:1   | Noticed a sea snake
  8049 | Lair:1   | an anaconda changed into a sea snake
  8229 | Lair:1   | Noticed a black mamba
  8234 | Lair:1   | Killed a black mamba
  8389 | Lair:1   | Noticed a boulder beetle
  8429 | Lair:1   | Reached XP level 11. HP: 66/81 MP: 14/14
  8438 | Lair:1   | Demolished by a boulder beetle

Illustrated notes

Levels and vault maps discovered:
D:1:      amcnicky_arrival_underground_garden, layout_basic,
          hellmonk_ecumenical_altar_pennies_from_heaven, serial_shops,
          nicolae_shop_waterfront
D:2:      layout_loops_ring, basic_altar, minmay_ruptured, uniq_natasha,
          uniq_sigmund, uniq_crazy_yiuf_cottage
D:3:      layout_rooms, lightli_temple_of_fire, chequers_serial_rivers_large_a,
          uniq_jessica, uniq_ijyb
D:4:      layout_loops_ring, enter_ossuary_2
D:5:      layout_loops_ring, mainiacjoe_overflow_24_doors
D:6:      layout_cave_pods, kennysheep_pointless_box, grunt_tough_drop,
          uniq_edmund
D:7:      layout_basic, minmay_temple_entry_waves
D:8:      gammafunk_sealed_arena, layout_loops_ring,
          nicolae_overflow_hidden_temple, lair_entry_dummy, serial_aquarium,
          aquarium_bridge_long_separate [aquarium_subvault_wall,
          aquarium_subvault_bridge, aquarium_subvault_bridge,
          aquarium_subvault_bridge, aquarium_subvault_bridge,
          aquarium_subvault_bridge], aquarium_window_double,
          aquarium_window_fake, aquarium_view_2f, aquarium_balcony_3a
D:9:      layout_rooms, grunt_temple_overflow_open, nicolae_island_escapes,
          uniq_maggie
D:10:     layout_irregular_city, uniq_maurice, uniq_josephine
Lair:1:   layout_gridlike

Skill      XL: |  1  2  3  4  5  6  7  8  9 10 |
---------------+-------------------------------+-----
Staves         | 1 2 3 5 7 9 11 13 | 13.9
Conjurations   | 4 |  4.2
Ice Magic      | 4 |  4.3
Air Magic      | 4 |  4.2
Fighting       | |  2.6
Maces & Flails | |  1.7
Dodging        | |  1.7
Stealth        | |  4.5

Action                   |  1- 3 |  4- 6 |  7- 9 | 10-12 || total
-------------------------+-------+-------+-------+-------++-------
Melee: Quarterstaff      |    64 |   177 |   298 |   182 ||   721
       Mace              |     1 |       |       |       ||     1
Throw: Boomerang         |       |     1 |     4 |       ||     5
Evoke: Wand              |       |     3 |     9 |    12 ||    24
  Use: Scroll            |     3 |     8 |     7 |     3 ||    21
       Potion            |       |     5 |     1 |     7 ||    13
 Stab: Sleeping          |     7 |     6 |     2 |     1 ||    16
       Distracted        |     1 |       |       |       ||     1
       Paralysed         |       |     3 |    14 |       ||    17
       Confused          |       |       |       |     1 ||     1
Armor: Leather armour    |    16 |    13 |       |       ||    29
       Ring mail         |       |    49 |    76 |    13 ||   138
       Skin              |       |     2 |       |       ||     2
       Acid dragon scale |       |       |       |    42 ||    42
Dodge: Dodged            |    31 |   110 |   145 |   125 ||   411
